 Dungeon Crawl Stone Soup version 0.20-a0-1008-g0de3dc5 (webtiles) character file.

9152 Monsterracer the Zephyrmancer (level 11, -3/61 HPs)
             Began as a Tengu Air Elementalist on Apr 14, 2017.
             Was a Priest of Vehumet.
             Slain by a yak (9 damage)
             ... on level 10 of the Dungeon.
             The game lasted 00:54:44 (15351 turns).

Monsterracer the Zephyrmancer (TeAE)               Turns: 15351, Time: 00:54:45

Health: -3/61      AC:  8    Str:  9    XL:     11   Next: 42%
Magic:  0/23       EV: 15    Int: 22    God:    Vehumet [***...]
Gold:   529        SH:  5    Dex: 17    Spells: 0/24 levels left

rFire    . . .     SeeInvis +   n - staff of conjuration
rCold    . . .     Gourm    .   j - +0 buckler
rNeg     . . .     Faith    .   D - +0 steam dragon scales
rPois    .         Spirit   .   (helmet restricted)
rElec    .         Reflect  .   i - +1 cloak
rCorr    .         Harm     .   (no gloves)
MR       .....                  (boots unavailable)
Stlth    ++........             (no amulet)
Regen    0.2/turn               h - +4 ring of intelligence
MPRegen  0.2/turn               f - ring of see invisible

@: no status effects
A: beak, talons 3, rugged brown scales 1, agile 1, able to fly 1
a: Fly, Renounce Religion


You were on level 10 of the Dungeon.
You worshipped Vehumet.
Vehumet was most pleased with you.
You were not hungry.

You visited 2 branches of the dungeon, and saw 11 of its levels.

You collected 529 gold pieces.

Inventory:

Armour
 i - a +1 cloak (worn)
 j - a +0 buckler (worn)
 r - a +0 shield
 D - +0 steam dragon scales (worn)
Magical Staves
 n - an uncursed staff of conjuration (weapon)
Jewellery
 f - a ring of see invisible (right hand)
 h - a +4 ring of intelligence (left hand)
 p - an uncursed ring of resist corrosion
 x - an uncursed ring of protection from magic
 z - an uncursed ring of ice
Wands
 C - a wand of disintegration (15/24)
Scrolls
 e - a scroll of blinking
 g - 2 scrolls of remove curse
 k - 5 scrolls of teleportation
 m - 6 scrolls of amnesia
 o - 5 scrolls of identify
 q - 2 scrolls of fear
 s - a scroll of enchant armour
 y - a scroll of magic mapping
 B - 2 scrolls of recharging
 E - a scroll of brand weapon
Potions
 a - a potion of might
 c - 4 potions of flight
 l - 2 potions of curing
 t - a potion of cancellation
 A - a potion of agility
 F - a potion of haste
Books
 u - a book of Minor Magic

   Spells                             Type                      Level
   a - Magic Dart                     Conjuration                  1
   b - Blink                          Translocation                2
   c - Call Imp                       Summoning                    2
   d - Slow                           Hexes                        2
   e - Conjure Flame                  Conjuration/Fire             3
   f - Mephitic Cloud                 Conjuration/Poison/Air       3
Comestibles
 d - 5 royal jellies
 v - 2 meat rations
 w - 8 bread rations


   Skills:
 + Level 3.6 Fighting
   Level 2.2 Short Blades
 * Level 7.1 Staves
 + Level 4.7 Dodging
 - Level 2.0 Stealth
 + Level 4.5 Shields
 * Level 7.4 Spellcasting
 - Level 11.0 Conjurations
 + Level 3.1 Fire Magic
 - Level 11.0 Air Magic


You couldn't memorise any spells.
You knew the following spells:

 Your Spells              Type           Power        Failure   Level  Hunger
a - Shock                 Conj/Air       ####         1%          1    None
b - Swiftness             Chrm/Air       ####....     1%          2    None
c - Static Discharge      Conj/Air       ######..     1%          3    None
d - Airstrike             Air            ######....   1%          4    ###....
e - Lightning Bolt        Conj/Air       ######....   1%          5    #####..
f - Magic Dart            Conj           ####         1%          1    None
g - Mephitic Cloud        Conj/Pois/Air  ######..     1%          3    None
h - Throw Flame           Conj/Fire      ######       1%          2    None
i - Conjure Flame         Conj/Fire      ######..     1%          3    None


Dungeon Overview and Level Annotations

Branches:
Dungeon (10/15)            Temple (1/1) D:6
   Lair: D:8-11         Orc: D:9-12

Altars:
Ashenzari
Cheibriados
Dithmenos
Elyvilon
Fedhas
Gozag
Hepliaklqana
Kikubaaqudgha
Makhleb
Nemelex Xobeh
Okawaru
Qazlal
Ru
Sif Muna
Trog
Uskayaw
Vehumet
Wu Jian
Xom
Yredelemnul
Zin
The Shining One

Shops:
D:5 (   D:7 [

Annotations:
D:3 George's ghost, amateur DsGl


Innate Abilities, Weirdness & Mutations

You have a beak for a mouth.
You have claws for feet.
You can fly.
You are partially covered in rugged brown scales. (AC +1, +3% HP)
You are agile. (Dex +2)


Message History

You hit the yak but do no damage. Your peck misses the yak.
The yak is severely wounded.
You block the yak's attack.
You hit the yak.
The yak is severely wounded.
You closely miss the yak. Your kick misses the yak.
You peck the yak, but do no damage.
The yak is severely wounded.
The yak gores you!
* * * LOW HITPOINT WARNING * * *
The yak completely misses you.
Casting: Shock
Confirm with . or Enter, or press ? or * to list all spells.
Aiming: Shock
Press: ? - help, Shift-Dir - straight line, f/p - yak
Aim: a yak (severely wounded)
You feel a surge of power!
The zap hits the yak.
The yak is almost dead.
The yak gores you!
You die...

#################################
...........................#..#..
...........................#..'..
...............Y@..........#..#..
##'#####...#..##############'####
.#..#......+..#.......'......#...
.#..#......#).#.......#......#...
.######....#..##...#'#####..####.
..#...#........#...#...#.........
..#...#........#...#...#.........
..#...##...##'##...#...##'###....
..'....#..)#...#####...+...(####.


You could see a yak.

Vanquished Creatures
  3 two-headed ogres
  The ghost of Malvoorn the Slasher, a novice TeBe of Trog (D:5)
  A troll (D:10)
  5 hippogriffs
  10 yaks (D:10)
  A hungry ghost (D:10)
  A steam dragon (D:9)
  Menkaure (D:7)
  2 ice beasts (D:5)
  2 orc warriors
  3 phantoms
  A sky beast (D:9)
  A black bear (D:7)
  6 ogres
  3 centaurs
  A crocodile (D:8)
  6 bullfrogs
  A big kobold (D:7)
  A wyvern skeleton (D:9)
  3 scorpions
  5 killer bees (D:10)
  4 wights (D:9)
  5 howler monkeys
  4 crimson imps
  A jelly (D:5)
  3 orc priests (D:3)
  3 hounds
  2 bullfrog skeletons
  4 orc wizards
  A centaur skeleton (D:5)
  2 iguanas
  10 worker ants
  2 worker ant zombies
  16 adders
  8 gnolls
  A howler monkey skeleton (D:5)
  2 shadow imps (D:5)
  An ooze (D:1)
  An adder zombie (D:6)
  7 worms
  5 leopard geckos
  37 orcs
  17 bats
  2 giant cockroaches
  11 goblins
  6 hobgoblins
  7 jackals
  A quokka (D:8)
  6 frilled lizards
  A jackal skeleton (D:4)
  15 kobolds
  A leopard gecko skeleton (D:5)
  A quokka zombie (D:6)
  7 rats
252 creatures vanquished.

Notes
Turn   | Place    | Note
-------+----------+-------------------------------------------
     0 | D:1      | Monsterracer the Tengu Air Elementalist began the quest for the Orb.
     0 | D:1      | Reached XP level 1. HP: 10/10 MP: 4/4
   180 | D:1      | Reached XP level 2. HP: 15/15 MP: 3/6
   253 | D:1      | Learned a level 2 spell: Swiftness
   731 | D:1      | Reached XP level 3. HP: 19/19 MP: 5/7
   755 | D:1      | Learned a level 3 spell: Static Discharge
  1364 | D:2      | Reached XP level 4. HP: 24/24 MP: 5/8
  2064 | D:2      | Gained mutation: You can fly. [Tengu growth]
  2064 | D:2      | Reached XP level 5. HP: 28/28 MP: 8/10
  2072 | D:2      | Reached skill level 5 in Conjurations
  2592 | D:3      | Noticed George's ghost (amateur DsGl)
  3028 | D:3      | Reached skill level 5 in Air Magic
  3612 | D:3      | Found a shimmering altar of Xom.
  3612 | D:3      | Found a shimmering altar of Xom.
  3613 | D:3      | Found a shimmering altar of Xom.
  3613 | D:3      | Found a shimmering altar of Xom.
  3613 | D:3      | Found a shimmering altar of Xom.
  3680 | D:3      | Reached XP level 6. HP: 24/32 MP: 0/11
  3979 | D:3      | Found an opulent altar of Gozag.
  4065 | D:3      | Learned a level 4 spell: Airstrike
  4847 | D:4      | Learned a level 2 spell: Swiftness
  4877 | D:5      | Entered Level 5 of the Dungeon
  4957 | D:5      | Reached XP level 7. HP: 29/36 MP: 1/13
  5078 | D:5      | Noticed Malvoorn's ghost (novice TeBe)
  5098 | D:5      | Killed Malvoorn's ghost
  5474 | D:5      | Found Hitib's Antique Weapon Boutique.
  5481 | D:5      | Reached XP level 8. HP: 34/41 MP: 7/14
  5578 | D:5      | Gained mutation: You evolve. [potion of mutation]
  5578 | D:5      | Gained mutation: You are robust. (+10% HP) [potion of mutation]
  5578 | D:5      | Gained mutation: You are resistant to hostile enchantments. (MR+) [potion of mutation]
  5937 | D:5      | Reached skill level 1 in Short Blades
  5937 | D:5      | Reached skill level 1 in Shields
  6201 | D:6      | Gained mutation: You are occasionally teleported next to monsters. [evolution]
  6202 | D:6      | Lost mutation: You evolve. [potion of mutation]
  6202 | D:6      | Lost mutation: You are occasionally teleported next to monsters. [potion of mutation]
  6202 | D:6      | Lost mutation: You are resistant to hostile enchantments. (MR+) [potion of mutation]
  6202 | D:6      | Lost mutation: You are robust. (+10% HP) [potion of mutation]
  6202 | D:6      | Gained mutation: You are partially covered in rugged brown scales. (AC +1, +3% HP) [potion of mutation]
  6202 | D:6      | Gained mutation: You are agile. (Dex +2) [potion of mutation]
  6281 | D:6      | Learned a level 5 spell: Lightning Bolt
  6815 | D:6      | Found a staircase to the Ecumenical Temple.
  6819 | Temple   | Entered the Ecumenical Temple
  6826 | Temple   | Became a worshipper of Vehumet
  7339 | D:4      | Reached skill level 1 in Fighting
  7434 | D:4      | Reached XP level 9. HP: 46/48 MP: 8/16
  8327 | D:5      | Reached skill level 1 in Staves
  9609 | D:7      | Reached * piety under Vehumet
  9609 | D:7      | Offered knowledge of Sting by Vehumet.
  9706 | D:7      | Learned a level 1 spell: Magic Dart
  9738 | D:7      | Found a stormy altar of Qazlal.
  9789 | D:7      | Noticed Menkaure
  9792 | D:7      | Killed Menkaure
  9792 | D:7      | Reached skill level 5 in Spellcasting
 10356 | D:7      | Found Musm's Armour Boutique.
 10687 | D:8      | Reached skill level 10 in Air Magic
 10992 | D:8      | Reached skill level 10 in Conjurations
 11193 | D:8      | Reached XP level 10. HP: 54/54 MP: 9/19
 11871 | D:9      | Noticed a two-headed ogre
 11899 | D:9      | Killed a two-headed ogre
 12247 | D:9      | Reached ** piety under Vehumet
 12299 | D:9      | Noticed a two-headed ogre
 12303 | D:9      | Killed a two-headed ogre
 12303 | D:9      | Offered knowledge of Throw Flame by Vehumet.
 12303 | D:9      | Reached skill level 5 in Staves
 12382 | D:9      | Learned a level 3 spell: Mephitic Cloud
 12469 | D:9      | Learned a level 2 spell: Throw Flame
 13503 | D:10     | Entered Level 10 of the Dungeon
 13531 | D:10     | Reached skill level 1 in Fire Magic
 13604 | D:10     | Noticed a two-headed ogre
 13609 | D:10     | Killed a two-headed ogre
 13609 | D:10     | Reached XP level 11. HP: 49/60 MP: 7/22
 13914 | D:10     | Offered knowledge of Ignite Poison by Vehumet.
 14032 | D:10     | Learned a level 3 spell: Conjure Flame
 14366 | D:10     | Reached *** piety under Vehumet
 15351 | D:10     | Slain by a yak

Vault maps used:
D:1:      mrwooster_arrival_statue, minmay_pentomino_q2
D:3:      grunt_gozag_statues, first_bread, xom_redecorated
D:5:      cheibrodos_sewer_entry_bend, kennysheep_windowed_goal
D:6:      temple_statues
D:7:      serial_shops, shop, basic_altar, uniq_menkaure
Temple:   compressed_dpeg_circular_temple

Skill      XL: |  1  2  3  4  5  6  7  8  9 10 11 |
---------------+----------------------------------+-----
Conjurations   | 2 3 4 5 6 7 8 10 11 | 11.0
Air Magic      | 5 6 8 9 10 11 | 11.0
Spellcasting   | 3 4 5 6 7 |  7.4
Short Blades   | 2 |  2.2
Shields        | 2 3 4 |  4.5
Fighting       | 1 2 3 |  3.6
Staves         | 3 6 7 |  7.1
Dodging        | 3 4 |  4.7
Fire Magic     | 1 3 |  3.1
Stealth        | |  2.0

Action                   |  1- 3 |  4- 6 |  7- 9 | 10-12 || total
-------------------------+-------+-------+-------+-------++-------
Melee: Dagger            |     1 |     5 |       |       ||     6
       Kick              |     1 |     2 |     4 |    10 ||    17
       Peck              |     1 |       |     6 |     9 ||    16
       Short sword       |       |     1 |     9 |       ||    10
       Staff             |       |       |    22 |    37 ||    59
 Cast: Shock             |    56 |   124 |   207 |   126 ||   513
       Static Discharge  |     2 |    17 |    39 |    20 ||    78
       Swiftness         |     1 |     1 |     3 |       ||     5
       Airstrike         |       |     2 |    25 |    48 ||    75
       Lightning Bolt    |       |       |     3 |     7 ||    10
       Throw Flame       |       |       |       |     3 ||     3
       Mephitic Cloud    |       |       |       |     6 ||     6
       Magic Dart        |       |       |       |     1 ||     1
  Use: Potion            |     4 |     2 |     5 |     1 ||    12
       Scroll            |       |    15 |     4 |     2 ||    21
  Eat: Chunk             |     1 |     9 |    21 |    18 ||    49
       Bread ration      |       |     1 |       |       ||     1
       Fruit             |       |       |     4 |     1 ||     5
       Meat ration       |       |       |       |     1 ||     1
Armor: Robe              |     3 |     2 |    12 |     1 ||    18
       Steam dragon scal |       |       |       |    14 ||    14
Dodge: Dodged            |     5 |    19 |    68 |    54 ||   146
Block: Buckler           |       |       |    11 |    23 ||    34
